 Dungeon Crawl Stone Soup version 0.21-a0-142-gdd972a7 (webtiles) character file.

85 tilp the Firebug (level 4, 0/33 HPs)
             Began as a Hill Orc Fire Elementalist on July 22, 2017.
             Slain by an orc wizard
             ... wielding a +0 dagger
              (2 damage)
             ... on level 3 of the Dungeon.
             The game lasted 00:04:58 (2065 turns).

tilp the Firebug (Hill Orc Fire Elementalist)       Turns: 2065, Time: 00:04:59

Health: 0/33       AC:  3    Str: 15    XL:     4   Next: 48%
Magic:  6/7        EV: 17    Int: 21    God:
Gold:   89         SH:  0    Dex: 16    Spells: 1/7 levels left

rFire    . . .     SeeInvis .   u - +0 war axe
rCold    . . .     Gourm    .   (no shield)
rNeg     . . .     Faith    .   l - +0 leather armour
rPois    .         Spirit   .   (no helmet)
rElec    .         Reflect  .   (no cloak)
rCorr    .         Harm     .   (no gloves)
MR       .....                  (no boots)
Stlth    +++.......             (no amulet)
HPRegen  0.11/turn              (no ring)
MPRegen  0.10/turn              (no ring)

@: mighty, brilliant, agile, flying
A: no striking features
a: no special abilities


You were on level 3 of the Dungeon.
You were hungry.

You visited 1 branch of the dungeon, and saw 4 of its levels.

You collected 89 gold pieces.

Inventory:

Hand Weapons
 g - a +0 dagger
 u - a +0 war axe (weapon)
 v - a cursed -2 hunting sling
 x - a +0 dagger of venom
Missiles
 e - 77 stones (quivered)
Armour
 l - a +0 leather armour (worn)
Jewellery
 a - an uncursed amulet of faith {unknown}
 m - an uncursed ring of protection from fire {unknown}
Scrolls
 h - a scroll of noise {unknown}
 i - 2 scrolls of enchant weapon {unknown}
 j - a scroll of identify {unknown}
 n - a scroll of blinking {unknown}
 t - a scroll of fear {unknown}
 y - a scroll of immolation {unknown}
Potions
 d - a potion of flight
 o - a potion of heal wounds {unknown}
 r - a potion of curing {unknown}
 s - a potion of agility
 w - a potion of mutation {unknown}
Books
 b - a book of Flames

   Spells                             Type                      Level
   a - Flame Tongue                   Conjuration/Fire             1
   b - Throw Flame                    Conjuration/Fire             2
   c - Conjure Flame                  Conjuration/Fire             3
   d - Inner Flame                    Hexes/Fire                   3
   e - Sticky Flame                   Conjuration/Fire             4
   f - Fireball                       Conjuration/Fire             5
Comestibles
 c - a bread ration
 p - 3 chunks of flesh
 q - a meat ration


   Skills:
 - Level 1.5 Dodging
 - Level 1.5 Stealth
 - Level 2.1 Spellcasting
 * Level 3.0 Conjurations
 + Level 4.0 Fire Magic


You had one spell level left.
You knew the following spells:

 Your Spells              Type           Power        Failure   Level  Hunger
a - Flame Tongue          Conj/Fire      ####.        1%          1    #......
b - Throw Flame           Conj/Fire      ####..       1%          2    ##.....
c - Conjure Flame         Conj/Fire      ####....     1%          3    ###....


Dungeon Overview and Level Annotations

Branches:
Dungeon (4/15)
 Temple: D:4-7

Altars:
Cheibriados
Elyvilon
Uskayaw


Message History

Something hits you but does no damage.
It was a potion of flight.
You feel very buoyant.
You fly up into the air.
You hear some strange, mumbled words.
Something tries to affect you, but you resist.
It was a potion of might.
You feel very mighty all of a sudden.
You hear some strange, mumbled words.
You are confused.
You miss something. Something barely misses you.
You barely miss something. Something hits you but does no damage.
Something hits you.
* * * LOW HITPOINT WARNING * * *
You bump into the rock wall.
Something hits you.
* * * LOW HITPOINT WARNING * * *
It was a potion of brilliance.
You feel clever all of a sudden.
You feel less confused. Something hits you.
You die...

....... .....?. .......
....... ####### .o.....
......# ...%...
......############.......
................@)....#
......#################
.............
......####### ####.## #.#
#.# ###.# +...#


There were no monsters in sight!

Vanquished Creatures
  A worker ant (D:4)
  2 adders
  A worm (D:2)
  A dart slug (D:2)
  3 leopard geckos
  2 orcs (D:3)
  3 bats
  A giant cockroach (D:4)
  7 hobgoblins
  2 frilled lizards
  6 goblins
  A kobold (D:2)
  4 rats
34 creatures vanquished.

Notes
Turn   | Place    | Note
-------+----------+-------------------------------------------
     0 | D:1      | tilp the Hill Orc Fire Elementalist began the quest for the Orb.
     0 | D:1      | Reached XP level 1. HP: 14/14 MP: 3/3
   306 | D:1      | Reached XP level 2. HP: 20/20 MP: 1/5
   799 | D:1      | Learned a level 2 spell: Throw Flame
  1103 | D:2      | Reached XP level 3. HP: 10/26 MP: 4/6
  1108 | D:2      | Learned a level 3 spell: Conjure Flame
  1527 | D:2      | Found a snail-covered altar of Cheibriados.
  1669 | D:2      | You fall through a shaft for 2 floors!
  1669 | D:4      | Found a hide-covered altar of Uskayaw.
  1732 | D:4      | Reached XP level 4. HP: 25/33 MP: 0/7
  1856 | D:4      | Reached skill level 4 in Fire Magic
  1995 | D:3      | Found a white marble altar of Elyvilon.
  2065 | D:3      | Slain by an orc wizard

Vault maps used:
D:1:      minmay_arrival_widening_spiral_wide
D:2:      kennysheep_slug_shrine, uniq_terence, uniq_robin,
          uniq_crazy_yiuf_cottage
D:3:      kennysheep_big_flooded_room, serial_bayou_pond_e, eino_tiny_chamber,
          elyvilon_altar_3
D:4:      lemuel_crystal_altar, nicolae_overflow_crystal_walls,
          minmay_temple_entry_grid, first_bread, minmay_quantized

Skill      XL: |  1  2  3  4 |
---------------+-------------+-----
Spellcasting   | 2 |  2.1
Conjurations   | 2 3 |  3.0
Fire Magic     | 4 |  4.0
Dodging        | |  1.5
Stealth        | |  1.5

Action                   |  1- 3 |  4- 6 || total
-------------------------+-------+-------++-------
Melee: Dagger            |    52 |       ||    52
       War axe           |     7 |    19 ||    26
Throw: Stone             |     5 |       ||     5
 Cast: Flame Tongue      |    35 |     8 ||    43
       Throw Flame       |       |     1 ||     1
  Use: Potion            |       |     4 ||     4
 Stab: Sleeping          |     1 |       ||     1
  Eat: Royal jelly       |     1 |       ||     1
       Chunk             |     1 |     1 ||     2
Armor: Leather armour    |     6 |     7 ||    13
Dodge: Dodged            |    32 |    10 ||    42
